 Dungeon Crawl Stone Soup version 0.27-a0-1590-g15f69828bf (webtiles) character file.

Game seed: 2813147816981872299

2282 duskshroud the Grappler (level 9, 0/87 HPs)
             Began as a Troll Hunter on July 19, 2021.
             Was a Follower of Dithmenos.
             Slain by a wyvern skeleton (10 damage)
             ... on level 7 of the Dungeon.
             The game lasted 00:16:55 (5072 turns).

duskshroud the Grappler (Troll Hunter)              Turns: 5072, Time: 00:16:56

Health: 0/87       AC:  4    Str: 22    XL:     9   Next: 16%
Magic:  8/8        EV: 10    Int:  7    God:    Dithmenos [*.....]
Gold:   292        SH:  0    Dex: 13    Spells: 8/8 levels left

rFire    . . .     SeeInvis .     - Unarmed
rCold    . . .     Faith    .   (no shield)
rNeg     . . .     Spirit   .   b - +0 robe
rPois    .         Reflect  .   (helmet restricted)
rElec    .         Harm     .   C - scarf {repulsion}
rCorr    +         Rampage  .   (gloves unavailable)
Will     .....                  (boots unavailable)
Stlth    ++........             (no amulet)
HPRegen  1.24/turn              g - +4 ring of slaying
MPRegen  0.11/turn              G - ring of resist corrosion

@: wreathed by umbra, repel missiles
A: large, unfitting armour, claws 3, regeneration 1, shaggy fur 1, tough skin 1
a: Renounce Religion


You were on level 7 of the Dungeon.
You worshipped Dithmenos.
Dithmenos was aware of your devotion.
You visited 2 branches of the dungeon, and saw 8 of its levels.
You also visited: Sewer.

You collected 292 gold pieces.

Inventory:

Hand Weapons
 B - a +0 flail
Missiles
 c - 5 large rocks (quivered)
 d - 2 throwing nets
 e - 38 poisoned darts
Armour
 b - a +0 robe (worn)
 t - a +0 cloak
 C - a scarf of repulsion (worn)
Jewellery
 g - a +4 ring of slaying (left claw)
 G - a ring of resist corrosion (right claw)
Wands
 r - a wand of flame (13)
 y - a wand of mindburst (9)
 H - a wand of paralysis (12)
 I - a wand of digging (6)
Scrolls
 a - 3 scrolls of teleportation {unknown}
 o - a scroll of torment {unknown}
 p - 2 scrolls of enchant armour {unknown}
 q - a scroll of enchant weapon {unknown}
 x - 3 scrolls of fog {unknown}
 z - a scroll of fear {unknown}
 A - 2 scrolls of noise {unknown}
 E - a scroll of magic mapping {unknown}
Potions
 f - 4 potions of attraction
 h - a potion of invisibility {unknown}
 i - a potion of flight {unknown}
 k - a potion of lignification {unknown}
 l - 2 potions of brilliance {unknown}
 m - a potion of degeneration {unknown}
 n - 5 potions of heal wounds
 s - 3 potions of magic
 u - 3 potions of ambrosia
 v - a potion of resistance {unknown}
 w - a potion of haste {unknown}
 D - a potion of curing {unknown}
 F - a potion of mutation {unknown}


   Skills:
 + Level 4.9 Fighting
 - Level 5.0 Throwing
 - Level 1.5 Dodging
 - Level 2.0 Stealth
 * Level 9.6 Unarmed Combat


You had 8 spell levels left.
You didn't know any spells.
Your spell library contained the following spells:

 Spells                   Type           Power      Damage    Failure   Level
 Shock                    Conj/Air       0%         1d3       43%         1
 Poisonous Vapours        Pois/Air       0%         N/A       56%         2
 Swiftness                Air            0%         N/A       80%         3


Dungeon Overview and Level Annotations

Branches:
Dungeon (7/15)             Temple (1/1) D:4           Sewer (visited)

Altars:
Ashenzari
Cheibriados
Dithmenos
Elyvilon
Fedhas
Gozag
Hepliaklqana
Kikubaaqudgha
Makhleb
Nemelex Xobeh
Qazlal
Ru
Sif Muna
Trog
Uskayaw
Vehumet
Wu Jian
Xom
Yredelemnul
Zin
The Shining One

Shops:
D:5 (


Innate Abilities, Weirdness & Mutations

You are too large for most types of armour.
You have claws for hands.
Your natural rate of healing is unusually fast.
You are covered in fur. (AC +1)
You have tough skin. (AC +1)


Message History

You closely miss the bullfrog. The bullfrog hits you.
You barely miss the bullfrog. The bullfrog closely misses you.
You closely miss the bullfrog. The bullfrog hits you.
Menkaure gestures wildly while chanting.
Menkaure seems to speed up.
The bullfrog closely misses you.
You barely miss the bullfrog.
The bullfrog hits you but does no damage.
You barely miss the bullfrog. The bullfrog hits you.
You miss the bullfrog. The bullfrog barely misses you.
You barely miss the bullfrog. The bullfrog hits you.
Menkaure calls on the powers of darkness!
The bullfrog convulses!
Your body is wracked with pain!
You mangle the bullfrog!!
You kill the bullfrog!
Dithmenos accepts your kill.
You mangle the centaur zombie!!
You destroy the centaur zombie!
Dithmenos accepts your kill. Menkaure casts a spell at you.
Pain shoots through your body!
Menkaure calls on the powers of darkness!
Your body is wracked with pain!
* * * LOW HITPOINT WARNING * * *
You see here a bullfrog corpse.
Menkaure calls on the powers of darkness!
Your body is wracked with pain!
* * * LOW HITPOINT WARNING * * *
You claw Menkaure!
Menkaure is moderately damaged.
Menkaure's bandages flutter.
Menkaure hits you but does no damage.
You mangle Menkaure!!
You destroy Menkaure!
Dithmenos accepts your kill. The wyvern skeleton bites you.
* * * LOW HITPOINT WARNING * * *
You mangle the wyvern skeleton!!
The wyvern skeleton is heavily damaged.
The wyvern skeleton bites you!
You die...

.# .. .# ># ###.#
##...##
#########.....###.#
#.....†@Z.........#
#.##.####.....##..#
#.##.# ##...## #.##>#
###...# #.##.# ...(.
#.##.# ...#.#
.######.##.########.##
.
..)...............#..
#######..#.######.#


You could see a wyvern skeleton.

Vanquished Creatures
  Grinder (D:3)
  Eustachio (D:6)
  Menkaure (D:7)
  3 sky beasts
  An orc warrior (D:5)
  An ice beast (D:5)
  A centaur (D:6)
  2 necrophages
  2 phantoms
  2 kobold brigands (Sewer)
  2 bullfrogs
  3 scorpions
  A bullfrog zombie (D:7)
  A centaur zombie (D:7)
  Crazy Yiuf (D:3)
  2 iguanas
  A scorpion zombie (D:5)
  Natasha (thrice) (D:3)
  A hound skeleton (D:4)
  A howler monkey zombie (D:7)
  4 gnolls (D:6)
  9 adders
  2 river rats (Sewer)
  A shadow imp (D:6)
  A white imp (D:5)
  An ufetubus (D:4)
  An adder skeleton (D:4)
  3 worms
  2 dart slugs
  6 orcs
  14 ball pythons
  6 endoplasms
  2 giant cockroaches
  8 goblins
  4 hobgoblins
  5 jackals
  6 quokkas
  8 bats
  7 frilled lizards
  16 kobolds
  14 rats
151 creatures vanquished.

Notes
Turn   | Place    | Note
-------+----------+-------------------------------------------
     0 | D:1      | duskshroud the Troll Hunter began the quest for the Orb.
     0 | D:1      | Reached XP level 1. HP: 19/19 MP: 0/0
    72 | D:1      | Reached XP level 2. HP: 28/28 MP: 1/1
    77 | D:1      | Reached skill level 1 in Unarmed Combat
   398 | D:1      | Reached XP level 3. HP: 35/35 MP: 2/2
  1091 | D:2      | Reached skill level 1 in Stealth
  1148 | D:2      | Reached skill level 2 in Unarmed Combat
  1367 | D:2      | Reached XP level 4. HP: 38/42 MP: 3/3
  1403 | D:2      | Found a faded altar of an unknown god.
  1681 | D:2      | Got the Almanac of Air
  2072 | D:3      | Noticed Natasha
  2100 | D:3      | Killed Natasha
  2137 | D:3      | Found a runed translucent door.
  2138 | D:3      | Noticed Crazy Yiuf
  2231 | D:3      | Noticed Natasha
  2243 | D:3      | Killed Natasha
  2244 | D:3      | Reached XP level 5. HP: 8/50 MP: 4/4
  2282 | D:3      | Noticed Natasha
  2285 | D:3      | Killed Natasha
  2349 | D:3      | Noticed Grinder
  2351 | D:3      | Killed Grinder
  2352 | D:3      | Reached skill level 3 in Unarmed Combat
  2352 | D:3      | Reached XP level 6. HP: 56/59 MP: 5/5
  2537 | D:3      | Reached skill level 4 in Unarmed Combat
  2648 | D:3      | Killed Crazy Yiuf
  2711 | D:3      | Reached XP level 7. HP: 58/67 MP: 6/6
  2773 | D:4      | Found a staircase to the Ecumenical Temple.
  2794 | Temple   | Entered the Ecumenical Temple
  2891 | Temple   | Became a worshipper of Dithmenos the Shadowed
  3071 | D:4      | Found a glowing drain.
  3076 | Sewer    | Entered a sewer
  3105 | Sewer    | Reached * piety under Dithmenos
  3264 | Sewer    | Reached skill level 5 in Throwing
  3264 | Sewer    | Reached skill level 5 in Unarmed Combat
  3355 | D:4      | Found a shimmering altar of Xom.
  3487 | D:4      | Reached skill level 6 in Unarmed Combat
  3644 | D:4      | Found a sparkling altar of Nemelex Xobeh.
  3645 | D:4      | Found a hazy altar of Hepliaklqana.
  3797 | D:5      | Entered Level 5 of the Dungeon
  3892 | D:5      | Reached XP level 8. HP: 75/75 MP: 7/7
  3989 | D:5      | Found Pygaut's Antique Weapon Emporium.
  3996 | D:5      | Reached skill level 7 in Unarmed Combat
  4138 | D:5      | Reached skill level 8 in Unarmed Combat
  4548 | D:6      | Noticed Eustachio
  4554 | D:6      | Killed Eustachio
  4617 | D:6      | Reached skill level 9 in Unarmed Combat
  4717 | D:6      | Reached XP level 9. HP: 75/85 MP: 8/8
  5049 | D:7      | Noticed Menkaure
  5071 | D:7      | Killed Menkaure
  5072 | D:7      | Slain by a wyvern skeleton

Illustrated notes

Levels and vault maps discovered:
D:1:      heliophobic_arrival_ceremonial_halls, layout_basic,
          kennysheep_small_spiral, chequers_garden,
          chequers_serial_rivers_micro_b, minmay_tall_x
D:2:      layout_loops_ring, serial_forest, infiniplex_forest_lined_2,
          infiniplex_forest_lined_room_2, infiniplex_forest_lined_ring,
          infiniplex_forest_clump_long, infiniplex_forest_lined_room_3,
          infiniplex_forest_lined_room_3, ebering_ecumenical_altar_hall
D:3:      layout_loops_ring, minivault_25, kennysheep_generic_room_7,
          uniq_natasha, uniq_grinder, uniq_crazy_yiuf_cottage
D:4:      layout_cave_pools, amcnicky_altar_gilded,
          gammafunk_temple_overflow_statue,
          minmay_temple_entry_drinking_statues, gup_sewer_entry_bowl
D:5:      layout_basic, serial_shops, shop
D:6:      layout_loops_ring, uniq_eustachio
D:7:      layout_loops_ring, uniq_maggie, uniq_menkaure, uniq_pikel
Temple:   dpeg_five_rooms_temple

Skill      XL: |  1  2  3  4  5  6  7  8 |
---------------+-------------------------+-----
Unarmed Combat | 1 2 3 4 6 9 |  9.6
Fighting       | 2 3 4 |  4.9
Stealth        | 1 2 |  2.0
Throwing       | 4 5 |  5.0
Dodging        | |  1.5

Action                   |  1- 3 |  4- 6 |  7- 9 || total
-------------------------+-------+-------+-------++-------
Melee: Unarmed           |   111 |    87 |   187 ||   385
       Short sword       |     4 |       |       ||     4
       Punch             |       |     1 |     5 ||     6
Throw: Large rock        |       |     3 |       ||     3
  Use: Scroll            |       |       |     4 ||     4
 Stab: Sleeping          |     3 |     2 |     6 ||    11
Armor: Robe              |    55 |    29 |    37 ||   121
Dodge: Dodged            |    47 |    39 |    87 ||   173

Table legend: (Time is in decaauts)
 A = Elapsed time spent in this place.
 B = Non-inter-level travel time spent in this place.
 C = Inter-level travel time spent in this place.
 D = Time resting spent in this place.
 E = Time spent auto-exploring this place.
 F = Levels seen in this place.
 G = Mean time per level.
                   A        B        C        D        E       F      G
               +--------+--------+--------+--------+--------+-----+--------+
         Total |   5115 |   4900 |    215 |     35 |   3321 |   9 |  568.3 |
       Dungeon |   4637 |   4422 |    215 |     35 |   3321 |   7 |  662.4 |
        Temple |    157 |    157 |      0 |      0 |      0 |   1 |  157.0 |
         Sewer |    320 |    320 |      0 |      0 |      0 |   1 |  320.0 |
               +--------+--------+--------+--------+--------+-----+--------+

Top non-repeatable levels by time:
     D:1: 1058 daAuts
     D:3: 841 daAuts
     D:2: 801 daAuts
     D:6: 699 daAuts
     D:4: 676 daAuts
     D:5: 499 daAuts
   Sewer: 320 daAuts
  Temple: 157 daAuts
     D:7: 60 daAuts
